[Event "Titled Tuesday Blitz April 12 Late 2022"]
[White "Schekachikhin, Maksim"]
[Black "Estrada Nieto, Julian"]
[WhiteFideId "24177830"]
[BlackFideId "5101018"]
[WhiteElo "2230"]
[BlackElo "2252"]
[Result "1-0"]
[Round "10"]
[TimeControl "180+1"]
[Date "2022.04.13"]
[WhiteClock "0:00:59"]
[BlackClock "0:00:01"]

1. d4 Nf6 2. c4 e6 3. Nc3 c5 4. e3 d5 5. Nf3 dxc4 6. Bxc4 a6 7. O-O Nc6 8. a3 b5 9. Bd3 cxd4 10. exd4 Bb7 11. Bg5 Be7 12. Qd2 O-O 13. Rad1 Nd5 14. Rfe1 Rc8 15. Nxd5 Qxd5 16. Be4 Qd6 17. d5 exd5 18. Bxd5 Qc7 19. Bxe7 Nxe7 20. Bxb7 Qxb7 21. h3 Ng6 22. Qd6 Rc6 23. Qd4 Rf6 24. h4 h6 25. h5 Nf4 26. Re5 Qc8 27. Qd7 Qc2 28. Rd2 Qb1+ 29. Re1 Qf5 30. Qxf5 Rxf5 31. Rd6 a5 32. g4 Rc5 33. Re5 Rfc8 34. Rd8+ Rxd8 35. Rxc5 Rb8 36. Nd4 b4 37. Nc6 Re8 38. axb4 axb4 39. Nxb4 Re1+ 40. Kh2 Re2 41. Kg3 Rxb2 42. Nc6 Ne6 43. Ra5 Rb3+ 44. f3 Rc3 45. Ra8+ Kh7 46. Ne5 Nd4 47. Kg2 Rc2+ 48. Kf1 1-0


[Site "https://www.chess.com"]

[Event "Titled Tuesday Blitz April 12 Late 2022"]
[White "Sellitti, Federico"]
[Black "Kavyev, Ruslan"]
[WhiteFideId "821829"]
[BlackFideId "34110981"]
[WhiteElo "2531"]
[BlackElo "2182"]
[Result "1-0"]
[Round "10"]
[TimeControl "180+1"]
[Date "2022.04.12"]
[WhiteClock "0:00:12"]
[BlackClock "0:00:18"]

1. e4 c5 2. Nc3 d6 3. g3 Nc6 4. Bg2 g6 5. d3 Bg7 6. Be3 Rb8 7. Qd2 b5 8. Nge2 Nd4 9. O-O h5 10. h3 Nf6 11. Nxd4 cxd4 12. Bxd4 O-O 13. Be3 b4 14. Ne2 Bb7 15. Bh6 d5 16. Bxg7 Kxg7 17. e5 Nd7 18. f4 e6 19. Qxb4 Ba8 20. Qd4 Qc7 21. Rfc1 Rfc8 22. b3 a5 23. c4 dxc4 24. dxc4 Bxg2 25. Kxg2 a4 26. Rab1 axb3 27. axb3 Nc5 28. b4 Qb7+ 29. Kh2 Qf3 30. Ng1 Qd3 31. Qxd3 Nxd3 32. Rc3 Rxb4 33. Rxb4 Nxb4 34. Nf3 Ra8 35. Nd4 Ra2+ 36. Kg1 Rd2 37. Nf3 Rb2 38. Nd4 Rd2 39. Nf3 Re2 40. Kf1 Ra2 41. Nd4 Rd2 42. Nf3 Rb2 43. c5 Nd5 44. c6 Rb1+ 45. Kg2 Rb2+ 46. Kg1 Nxc3 47. c7 Rc2 48. Nd4 Ne2+ 49. Nxe2 Rxc7 50. Kf2 Rc2 51. Ke3 Ra2 52. Kf3 Kf8 53. g4 Ra3+ 54. Kg2 hxg4 55. hxg4 Ke7 56. Kf2 Kd7 57. Ng3 Kc6 58. Ne4 Kd5 59. Nd6 Ra7 60. Kf3 Kd4 61. Nb5+ Kc5 62. Nxa7 Kb6 63. Nc8+ Kc7 64. Nd6 f6 65. Ne4 f5 66. gxf5 gxf5 67. Ng5 Kd7 68. Ke3 Ke7 69. Kd4 Kd7 70. Kc5 Ke7 71. Kc6 Ke8 72. Nxe6 Ke7 73. Nd4 Kd8 74. Nxf5 Kc8 75. Nd4 Kd8 76. Kd6 Ke8 77. f5 Kd8 78. e6 Ke8 79. f6 Kd8 80. e7+ Ke8 81. Nc6 Kf7 82. Kd7 Kg8 83. e8=Q+ Kh7 84. Qf7+ Kh8 85. Qg7# 1-0


[Site "https://www.chess.com"]

[Event "Titled Tuesday Blitz April 12 Late 2022"]
[White "Sheng, Joshua"]
[Black "Soysal, Serkan"]
[WhiteFideId "2057360"]
[BlackFideId "6349250"]
[WhiteElo "2142"]
[BlackElo "2440"]
[Result "1-0"]
[Round "10"]
[TimeControl "180+1"]
[Date "2022.04.12"]
[WhiteClock "0:00:48"]
[BlackClock "0:00:01"]

1. e4 e6 2. d4 d5 3. Nc3 Bb4 4. e5 c5 5. a3 Bxc3+ 6. bxc3 Qa5 7. Bd2 Qa4 8. h4 Ne7 9. h5 h6 10. Nf3 b6 11. dxc5 bxc5 12. Rh4 Qd7 13. Rb1 Nec6 14. Rg4 Kf8 15. Be3 Qe7 16. c4 d4 17. Bc1 Nd7 18. Qe2 Rb8 19. Rxb8 Ncxb8 20. Qe4 Nb6 21. Rg3 Bb7 22. Qg4 f5 23. exf6 Qxf6 24. Bf4 N8d7 25. Nh4 Kf7 26. Ng6 Re8 27. Be2 e5 28. Bc1 e4 29. Qh3 Ne5 30. Nxe5+ Qxe5 31. Qg4 d3 32. Qg6+ Kf8 33. cxd3 Qc3+ 34. Bd2 Qa1+ 35. Bd1 exd3+ 36. Re3 Rxe3+ 37. Bxe3 Qc3+ 38. Bd2 Qe5+ 39. Kf1 Nxc4 40. Qxd3 Ba6 41. Qd8+ Qe8 42. Qxe8+ Kxe8 43. Ke1 Nxa3 44. Be3 c4 45. Bxa7 c3 46. Bc5 1-0


[Site "https://www.chess.com"]

[Event "Titled Tuesday Blitz April 12 Late 2022"]
[White "Shimanov, Aleksandr"]
[Black "Cabarkapa, Novak"]
[WhiteFideId "4198603"]
[BlackFideId "943746"]
[WhiteElo "2636"]
[BlackElo "2443"]
[Result "1-0"]
[Round "10"]
[TimeControl "180+1"]
[Date "2022.04.12"]
[WhiteClock "0:01:13"]
[BlackClock "0:00:01"]

1. d4 h5 2. e4 h4 3. Nc3 c6 4. Bg5 Qa5 5. Qd2 d6 6. h3 f6 7. Be3 e5 8. f4 Be6 9. Nf3 exf4 10. Bxf4 Bf7 11. Bd3 Nd7 12. O-O Be7 13. Rae1 O-O-O 14. a3 g5 15. b4 Qc7 16. Bh2 Nh6 17. b5 g4 18. bxc6 bxc6 19. Ba6+ Kb8 20. Rb1+ Nb6 21. Nxh4 gxh3 22. gxh3 Ng4 23. Nf5 Nxh2 24. Kxh2 d5+ 25. Qf4 Qxf4+ 26. Rxf4 Bxa3 27. exd5 cxd5 28. Nb5 Bf8 29. Re1 Bg6 30. Ne7 Be8 31. Rxf6 Bh6 32. Nc6+ Bxc6 33. Rxc6 Bf4+ 34. Kg2 Rdg8+ 35. Kf3 Rf8 36. Ke2 Re8+ 37. Kd1 Rxe1+ 38. Kxe1 Rxh3 39. Rf6 Bh6 40. Rf7 Re3+ 41. Kd1 Re6 42. Rb7+ Kc8 43. Re7+ 1-0


[Site "https://www.chess.com"]

[Event "Titled Tuesday Blitz April 12 Late 2022"]
[White "Shuvalova, Polina"]
[Black "Khabinets, Ivan"]
[WhiteFideId "24171760"]
[BlackFideId "14115980"]
[WhiteElo "2355"]
[BlackElo "2114"]
[Result "1-0"]
[Round "10"]
[TimeControl "180+1"]
[Date "2022.04.12"]
[WhiteClock "0:02:12"]
[BlackClock "0:01:52"]

1. d4 d5 2. Nf3 e6 3. Bf4 Nf6 4. e3 Bd6 5. Bxd6 Qxd6 6. c4 O-O 7. Nc3 c5 8. dxc5 Qxc5 9. cxd5 exd5 10. Rc1 Nc6 11. Bb5 Bg4 12. O-O Rac8 13. h3 Bxf3 14. Qxf3 Ne5 15. Qf4 Ng6 16. Qa4 a6 17. Bd3 Ne5 18. Bf5 Rcd8 19. Ne2 Qb6 20. Qd4 Qd6 21. Rfd1 Nc6 22. Qb6 Qe5 23. Bb1 Rd7 24. Nd4 Nxd4 25. Rxd4 Rfd8 26. a3 g6 27. Ba2 h5 28. Rcd1 Qf5 29. Rf4 Qc2 30. Bb3 Rd6 31. Qxd8+ Rxd8 32. Bxc2 1-0


[Site "https://www.chess.com"]

[Event "Titled Tuesday Blitz April 12 Late 2022"]
[White "Stelmaszyk, Nico"]
[Black "profaVa"]
[WhiteFideId "16200462"]
[WhiteElo "2119"]
[BlackElo "2408"]
[Result "1-0"]
[Round "10"]
[TimeControl "180+1"]
[Date "2022.04.13"]
[WhiteClock "0:02:01"]
[BlackClock "0:00:30"]

1. e4 e5 2. Bc4 Nc6 3. Nf3 Nf6 4. d4 exd4 5. O-O Nxe4 6. Re1 d5 7. Nc3 dxc4 8. Rxe4+ Be6 9. Nxd4 Nxd4 10. Rxd4 Bd6 11. Bf4 O-O 12. Ne4 Qh4 13. Nxd6 cxd6 14. Bxd6 Qf6 15. Bxf8 Rxf8 16. c3 g6 17. Qd2 Kg7 18. Rd1 b5 19. h3 a5 20. Rd8 Rxd8 21. Qxd8 Qf5 22. Qd4+ Kh6 23. Re1 b4 24. Re5 Qb1+ 25. Kh2 Qxb2 26. Re4 Bf5 27. Rh4+ Kg5 28. Qd8+ f6 29. f4+ Kxh4 30. Qxf6+ Kh5 31. Qg5# 1-0


[Site "https://www.chess.com"]

[Event "Titled Tuesday Blitz April 12 Late 2022"]
[White "Tanenbaum, Zachary"]
[Black "Noboa Silva, Kevin"]
[WhiteFideId "2060850"]
[BlackFideId "3618471"]
[WhiteElo "2168"]
[BlackElo "2172"]
[Result "1-0"]
[Round "10"]
[TimeControl "180+1"]
[Date "2022.04.13"]
[WhiteClock "0:00:50"]
[BlackClock "0:00:01"]

1. e4 e6 2. d4 d5 3. Nc3 Nf6 4. Bg5 Be7 5. e5 Nfd7 6. h4 h6 7. Bxe7 Qxe7 8. Qg4 O-O 9. O-O-O c5 10. f4 cxd4 11. Nce2 Nc6 12. Nf3 Nc5 13. Nexd4 Ne4 14. Bd3 Nf2 15. Qh5 Nxd1 16. Rxd1 Nxd4 17. Nxd4 f5 18. g4 Bd7 19. gxf5 exf5 20. Nxf5 Bxf5 21. Bxf5 Qf7 22. Qxf7+ Kxf7 23. Rxd5 Ke7 24. Rd7+ Ke8 25. Be6 Rxf4 26. Rxb7 g5 27. h5 Rd8 28. b3 g4 29. Rxa7 g3 30. Rg7 Rf1+ 31. Kb2 Rg1 32. Bc4 Kf8 33. Rf7+ Ke8 34. e6 Re1 35. Bb5+ Rd7 36. Bxd7+ Kd8 37. Rg7 Re3 38. Bc6 Kc8 39. e7 Kc7 40. e8=Q+ Kb6 41. Qxe3+ Ka5 42. Qc5+ Ka6 43. Qb5# 1-0


[Site "https://www.chess.com"]

[Event "Titled Tuesday Blitz April 12 Late 2022"]
[White "Tari, Aryan"]
[Black "Nakamura, Hikaru"]
[WhiteFideId "1510045"]
[BlackFideId "2016192"]
[WhiteElo "2567"]
[BlackElo "2850"]
[Result "0-1"]
[Round "10"]
[TimeControl "180+1"]
[Date "2022.04.12"]
[WhiteClock "0:00:04"]
[BlackClock "0:00:21"]

1. e4 e5 2. Nf3 Nc6 3. Bb5 Nf6 4. O-O Nxe4 5. Re1 Nd6 6. a4 Be7 7. Nc3 e4 8. Nxe4 Nxe4 9. Rxe4 O-O 10. d4 a6 11. Bd3 d5 12. Re1 Nb4 13. Bf1 Bf5 14. Re2 Bg4 15. Re3 c5 16. c3 Nc6 17. h3 cxd4 18. cxd4 Bh5 19. Be2 Bf6 20. Ne5 Bxe5 21. dxe5 d4 22. Re4 Qd5 23. Rh4 Bxe2 24. Qxe2 Qxe5 25. Qxe5 Nxe5 26. Rxd4 Rfd8 27. Be3 Nc6 28. Rc4 Rd5 29. b4 h6 30. Rb1 Ne5 31. Rc5 Rad8 32. Rxd5 Rxd5 33. b5 axb5 34. axb5 Nc4 35. Bf4 Na3 36. Ra1 Nxb5 37. Ra8+ Kh7 38. Rb8 Rd7 39. Be3 Nc3 40. g4 Nd5 41. Bd2 Ne7 42. Be3 Nd5 43. Bd2 f5 44. gxf5 Ne7 45. f6 gxf6 46. Bc3 Nd5 47. Bb2 h5 48. Kg2 Kg6 49. Kf3 Kf5 50. Rh8 Nf4 51. Re8 Rd3+ 52. Re3 Rxe3+ 53. fxe3 Nxh3 54. e4+ Ke6 0-1


[Site "https://www.chess.com"]

[Event "Titled Tuesday Blitz April 12 Late 2022"]
[White "Tillyaev, Ulugbek"]
[Black "Ansh M Shah"]
[WhiteFideId "14202441"]
[BlackFideId "25033379"]
[WhiteElo "2377"]
[BlackElo "1819"]
[Result "1/2-1/2"]
[Round "10"]
[TimeControl "180+1"]
[Date "2022.04.12"]
[WhiteClock "0:00:35"]
[BlackClock "0:00:04"]

1. e4 c6 2. d4 d5 3. exd5 cxd5 4. Bd3 Nf6 5. h3 Nc6 6. Nf3 g6 7. c3 Bg7 8. O-O O-O 9. Re1 Bf5 10. Bxf5 gxf5 11. Bg5 e6 12. Nbd2 Qb6 13. Bxf6 Bxf6 14. Nb3 Kh8 15. Nc5 Rg8 16. Qb3 Be7 17. Qxb6 axb6 18. Nd7 b5 19. Nfe5 Rg7 20. a3 Rag8 21. g3 f4 22. g4 h5 23. f3 Bh4 24. Re2 Na5 25. Kf1 f6 26. Nd3 Rxd7 27. Nxf4 hxg4 28. hxg4 Bg5 29. Nxe6 Re7 30. Kg2 Rge8 31. Rh1+ Kg8 32. Rhe1 Nc4 33. Kg3 Kf7 34. Nxg5+ fxg5 35. Rxe7+ Rxe7 36. Rh1 Kg6 37. b3 Nxa3 38. Ra1 Nc2 39. Ra5 Ne3 40. Rxb5 Rd7 41. Rb6+ Kg7 42. f4 gxf4+ 43. Kxf4 Nd1 44. c4 dxc4 45. bxc4 Rxd4+ 46. Ke5 Rd7 47. c5 Ne3 48. Ke4 Re7+ 49. Kd4 Nxg4 50. c6 bxc6 51. Rxc6 Nf6 52. Rd6 Kf7 53. Rd8 Nd7 54. Rh8 Ke6 55. Rh6+ Nf6 56. Rh8 Rd7+ 57. Ke3 Ra7 58. Rb8 Ra3+ 59. Kd4 Ra4+ 60. Ke3 Ke5 61. Kd3 Ra3+ 62. Kc4 Ne4 63. Re8+ Kf4 64. Rf8+ Ke3 65. Re8 Ra1 66. Re7 Rc1+ 67. Kd5 Rd1+ 68. Ke5 Ng3 69. Ra7 Rd3 70. Ra4 Ne2 71. Re4+ Kf3 72. Ra4 Nc3 73. Ra3 Re3+ 74. Kf5 Rd3 75. Ke5 Ke3 76. Rb3 Kd2 77. Rb2+ Kc1 78. Rb3 Re3+ 79. Kd4 Nd1 80. Rxe3 Nxe3 1/2-1/2


[Site "https://www.chess.com"]

[Event "Titled Tuesday Blitz April 12 Late 2022"]
[White "Tregubov, Pavel V."]
[Black "Le Goff, Ronan"]
[WhiteFideId "4115341"]
[BlackFideId "612073"]
[WhiteElo "2341"]
[BlackElo "2276"]
[Result "1-0"]
[Round "10"]
[TimeControl "180+1"]
[Date "2022.04.12"]
[WhiteClock "0:01:48"]
[BlackClock "0:00:53"]

1. e4 e5 2. Nf3 Nc6 3. Bb5 Nf6 4. d4 exd4 5. O-O Be7 6. e5 Ne4 7. Re1 Nc5 8. Nxd4 Nxd4 9. Qxd4 O-O 10. Nc3 c6 11. Bf1 d5 12. exd6 Bxd6 13. Bf4 Bxf4 14. Qxf4 Be6 15. Rad1 Qb6 16. b4 Nd7 17. a3 Nf6 18. Na4 Nh5 19. Qe5 1-0


[Site "https://www.chess.com"]

[Event "Titled Tuesday Blitz April 12 Late 2022"]
[White "Vusatiuk, Vladimir"]
[Black "Senthilkumar, Pranav"]
[WhiteFideId "14118610"]
[BlackFideId "2083477"]
[WhiteElo "2157"]
[BlackElo "2404"]
[Result "1-0"]
[Round "10"]
[TimeControl "180+1"]
[Date "2022.04.13"]
[WhiteClock "0:00:43"]
[BlackClock "0:01:57"]

1. d4 Nf6 2. c4 c5 3. d5 b5 4. cxb5 a6 5. e3 axb5 6. Bxb5 Ba6 7. Bxa6 Nxa6 8. Nc3 g6 9. e4 d6 10. Nge2 Bg7 11. O-O O-O 12. f3 Qb6 13. a4 c4+ 14. Kh1 Nc5 15. Be3 Nfd7 16. Rb1 Rfb8 17. Bd4 Qb3 18. Bxg7 Qxd1 19. Rfxd1 Kxg7 20. Kg1 Nxa4 21. Nxa4 Rxa4 22. Nd4 Rab4 23. Nc6 Rxb2 24. Nxb8 c3 25. Rxb2 Nxb8 26. Rxb8 1-0


[Site "https://www.chess.com"]

[Event "Titled Tuesday Blitz April 12 Late 2022"]
[White "Wagner, Dennis"]
[Black "Goryachkina, Aleksandra"]
[WhiteFideId "24650684"]
[BlackFideId "4147103"]
[WhiteElo "2355"]
[BlackElo "2426"]
[Result "1-0"]
[Round "10"]
[TimeControl "180+1"]
[Date "2022.04.12"]
[WhiteClock "0:00:08"]
[BlackClock "0:00:01"]

1. d4 Nf6 2. Nf3 d5 3. c4 dxc4 4. e3 e6 5. Bxc4 c5 6. O-O a6 7. Be2 cxd4 8. Nxd4 Bd6 9. Nd2 O-O 10. b3 e5 11. N4f3 Nc6 12. Bb2 Be6 13. h3 h6 14. Nc4 Bxc4 15. Bxc4 Qe7 16. Nh4 Rfd8 17. Nf5 Qf8 18. Qf3 Be7 19. Qg3 Kh8 20. f4 Ne4 21. Qg4 Nd2 22. fxe5 Nxf1 23. Rxf1 Rd2 24. Bc3 Rc2 25. Bd4 Nxd4 26. exd4 Bb4 27. Nh4 Qd8 28. Rxf7 Qg5 29. Qe4 Rc1+ 30. Kh2 1-0


[Site "https://www.chess.com"]

[Event "Titled Tuesday Blitz April 12 Late 2022"]
[White "Zherebtsova, Alexandra"]
[Black "Cagara, Paulina"]
[WhiteFideId "24129518"]
[BlackFideId "1124870"]
[WhiteElo "2025"]
[BlackElo "1780"]
[Result "1-0"]
[Round "10"]
[TimeControl "180+1"]
[Date "2022.04.13"]
[WhiteClock "0:02:05"]
[BlackClock "0:02:17"]

1. d4 f5 2. Nf3 Nf6 3. g3 g6 4. Bg2 Bg7 5. O-O O-O 6. b3 d6 7. c4 Qe8 8. Ba3 b6 9. Nc3 c5 10. Nb5 Na6 11. d5 Bd7 12. Ng5 Bxb5 13. cxb5 Nc7 14. Ne6 Nxe6 15. dxe6 Rc8 16. Bc6 Rxc6 17. bxc6 Qxc6 18. Bb2 Qe4 19. Qd3 Qxe6 20. Qa6 Qd7 21. Rfd1 f4 22. Qc4+ Kh8 23. Qxf4 Ng4 24. Qxf8# 1-0


[Site "https://www.chess.com"]

[Event "Titled Tuesday Blitz April 12 Late 2022"]
[White "Bachmann, Axel"]
[Black "Petrova, Irina"]
[WhiteFideId "3700488"]
[BlackFideId "14124122"]
[WhiteElo "2587"]
[BlackElo "1993"]
[Result "1-0"]
[Round "11"]
[TimeControl "180+1"]
[Date "2022.04.13"]
[WhiteClock "0:00:11"]
[BlackClock "0:00:07"]

1. d4 d6 2. e4 Nf6 3. Nc3 e5 4. Nf3 Nbd7 5. Be3 Be7 6. Qd2 Ng4 7. O-O-O Nxe3 8. fxe3 O-O 9. Kb1 c6 10. h4 b5 11. a3 a5 12. Ne2 Qc7 13. Ng3 Nf6 14. h5 h6 15. Bd3 Bd7 16. Rdf1 c5 17. Be2 b4 18. a4 c4 19. b3 cxb3 20. cxb3 Rfc8 21. Rc1 Qb7 22. Bd3 Be6 23. Kb2 Rc3 24. Rxc3 bxc3+ 25. Qxc3 Rc8 26. Rc1 Rxc3 27. Rxc3 Bg4 28. dxe5 dxe5 29. Nxe5 Qb4 30. Nf5 Bxf5 31. exf5 Qa3+ 32. Kb1 Bb4 33. Rc8+ Kh7 34. Bc2 Nd5 35. f6+ g6 36. hxg6+ fxg6 37. Bxg6# 1-0


[Site "https://www.chess.com"]

[Event "Titled Tuesday Blitz April 12 Late 2022"]
[White "Bas Mas, Jose Joaquin"]
[Black "Plazuelo Pascual, Juan"]
[WhiteFideId "22219064"]
[BlackFideId "32059566"]
[WhiteElo "2212"]
[BlackElo "2359"]
[Result "0-1"]
[Round "11"]
[TimeControl "180+1"]
[Date "2022.04.12"]
[WhiteClock "0:00:03"]
[BlackClock "0:00:47"]

1. e4 c5 2. Nc3 e6 3. Nf3 Nc6 4. d4 cxd4 5. Nxd4 Nf6 6. Nxc6 bxc6 7. Bd3 d5 8. O-O Be7 9. Qe2 O-O 10. b3 a5 11. Bb2 Re8 12. Rfe1 Qb6 13. Na4 Qc7 14. c4 dxe4 15. Bxe4 Nxe4 16. Qxe4 Bb7 17. c5 Rad8 18. Rad1 Rd5 19. Rxd5 cxd5 20. Qg4 Bf8 21. Be5 Qd8 22. Rc1 Bc6 23. Nb2 f6 24. Bg3 e5 25. a3 d4 26. b4 axb4 27. axb4 Qd5 28. Bh4 Qb3 29. Qe2 Qxb4 30. Nd3 Qb5 31. Qc2 Be4 32. Rd1 Kh8 33. f3 Bf5 34. g4 Bg6 35. Qd2 Rc8 36. Nf2 Qxc5 37. g5 f5 38. Nh3 Qc2 39. Qe1 d3 40. Bf2 Bh5 41. Be3 Bxf3 42. Rd2 Qc1 43. Qxc1 Rxc1+ 44. Kf2 Bg4 45. Rxd3 Rc2+ 46. Rd2 Rxd2+ 47. Bxd2 Bxh3 0-1


[Site "https://www.chess.com"]

[Event "Titled Tuesday Blitz April 12 Late 2022"]
[White "Bilych, Olexiy"]
[Black "Pinheiro, Iung Alicio de O."]
[WhiteFideId "14156504"]
[BlackFideId "2104350"]
[WhiteElo "2176"]
[BlackElo "2564"]
[Result "1-0"]
[Round "11"]
[TimeControl "180+1"]
[Date "2022.04.12"]
[WhiteClock "0:01:14"]
[BlackClock "0:00:17"]

1. e4 c5 2. Nf3 Nc6 3. Bb5 e6 4. O-O Nge7 5. Re1 Nd4 6. Nxd4 cxd4 7. c3 a6 8. Bd3 Nc6 9. b4 Be7 10. Bb2 Bf6 11. cxd4 Bxd4 12. Bxd4 Nxd4 13. e5 f5 14. exf6 Qxf6 15. Nc3 O-O 16. Ne4 Qe7 17. Qh5 Nf5 18. Ng3 g6 19. Qg4 Nh6 20. Qd4 Qg7 21. Qd6 Nf7 22. Qe7 Nd8 23. Qc5 Nc6 24. Rac1 d5 25. a4 Bd7 26. Bf1 Rac8 27. Qd6 Qe7 28. Rxc6 Qxd6 29. Rxd6 Rc7 30. b5 axb5 31. axb5 Bc8 32. Ne2 Rcf7 33. f3 g5 34. Nd4 g4 35. fxg4 e5 36. Nf5 Bxf5 37. gxf5 Rxf5 38. Rxd5 1-0


[Site "https://www.chess.com"]

[Event "Titled Tuesday Blitz April 12 Late 2022"]
[White "Curtis, John"]
[Black "Horcajuelo Rocamora, Martin"]
[WhiteFideId "3200256"]
[BlackFideId "24573027"]
[WhiteElo "2203"]
[BlackElo "1822"]
[Result "1-0"]
[Round "11"]
[TimeControl "180+1"]
[Date "2022.04.13"]
[WhiteClock "0:01:00"]
[BlackClock "0:00:45"]

1. e4 e5 2. Nf3 Nc6 3. Bb5 Nf6 4. O-O Nxe4 5. d4 Nd6 6. Bxc6 dxc6 7. dxe5 Nf5 8. Qxd8+ Kxd8 9. Bg5+ Ke8 10. Nc3 h6 11. Bf4 Be6 12. Rad1 Be7 13. a3 g5 14. Bc1 Rd8 15. Rxd8+ Kxd8 16. Rd1+ Kc8 17. h3 Rd8 18. Rxd8+ Kxd8 19. g4 Ng7 20. Kg2 c5 21. Be3 c6 22. Ne4 b6 23. Kg3 Bd5 24. Nfd2 c4 25. h4 gxh4+ 26. Kh3 h5 27. g5 Be6+ 28. Kxh4 Bg4 29. Kg3 Nf5+ 30. Kh2 Nxe3 31. fxe3 b5 32. c3 Kd7 33. Nf6+ Ke6 34. Kg3 Bd1 35. Kf4 h4 36. Nf3 h3 37. Nd4# 1-0


[Site "https://www.chess.com"]

[Event "Titled Tuesday Blitz April 12 Late 2022"]
[White "Dahlgren, James Allen"]
[Black "Prado, Alexandra"]
[WhiteFideId "22256873"]
[BlackFideId "3301346"]
[WhiteElo "2080"]
[BlackElo "1678"]
[Result "1-0"]
[Round "11"]
[TimeControl "180+1"]
[Date "2022.04.13"]
[WhiteClock "0:01:27"]
[BlackClock "0:00:11"]

1. d3 g6 2. f4 Bg7 3. Nf3 d6 4. e4 Nc6 5. Nc3 e5 6. Be2 Nf6 7. O-O O-O 8. h3 exf4 9. Bxf4 Nh5 10. Bg5 f6 11. Be3 Ng3 12. Rf2 f5 13. Kh2 Nxe2 14. Qxe2 fxe4 15. Nxe4 Bxb2 16. Rb1 Bg7 17. Bg5 Qe8 18. Qd2 Ne5 19. Nxe5 Qxe5+ 20. Kh1 Rxf2 21. Qxf2 b6 22. Rf1 Bb7 23. Qf7+ Kh8 24. Bf6 Bxf6 25. Nxf6 Bxg2+ 26. Kxg2 Qg5+ 27. Kh1 Qh6 28. Kg2 Rf8 29. Qxc7 Qg5+ 30. Ng4 Rxf1 31. Kxf1 Qf4+ 32. Nf2 Qc1+ 33. Ke2 Qf4 34. Qb8+ Kg7 35. Qxa7+ Kh6 36. Qxb6 Qe5+ 37. Qe3+ 1-0


[Site "https://www.chess.com"]

[Event "Titled Tuesday Blitz April 12 Late 2022"]
[White "Dauner, Benedikt"]
[Black "Tillyaev, Ulugbek"]
[WhiteFideId "16225899"]
[BlackFideId "14202441"]
[WhiteElo "2230"]
[BlackElo "2377"]
[Result "1-0"]
[Round "11"]
[TimeControl "180+1"]
[Date "2022.04.12"]
[WhiteClock "0:00:49"]
[BlackClock "0:01:19"]

1. d4 Nf6 2. Nf3 g6 3. Nc3 d5 4. Bf4 Bg7 5. e3 O-O 6. Be2 c5 7. dxc5 Qa5 8. Nd4 Ne4 9. O-O Nxc3 10. bxc3 e5 11. Nb3 Qxc3 12. Bg5 Be6 13. e4 dxe4 14. Bd2 Qxa1 15. Qxa1 Nc6 16. Bc3 Rad8 17. Rd1 f5 18. Bb5 Rxd1+ 19. Qxd1 Rd8 20. Qf1 Nd4 21. Bc4 Kf7 22. Bxd4 exd4 23. Bxe6+ Kxe6 24. Qc4+ Ke7 25. c6 bxc6 26. Qc5+ Kf7 27. Qxc6 Bf6 28. Nc5 d3 29. cxd3 exd3 30. Nxd3 Re8 31. g3 Re4 32. Qd7+ Re7 33. Qd5+ Kg7 34. Nf4 Re1+ 35. Kg2 Ra1 36. Ne6+ Kh6 37. Qd2+ g5 38. h4 f4 39. hxg5+ 1-0


[Site "https://www.chess.com"]

[Event "Titled Tuesday Blitz April 12 Late 2022"]
[White "De Souza, Cristiano Gomes"]
[Black "Estrada Nieto, Julian"]
[WhiteFideId "2151758"]
[BlackFideId "5101018"]
[WhiteElo "2068"]
[BlackElo "2252"]
[Result "0-1"]
[Round "11"]
[TimeControl "180+1"]
[Date "2022.04.13"]
[WhiteClock "0:00:18"]
[BlackClock "0:00:05"]

1. d4 Nf6 2. c4 e6 3. Nf3 c5 4. d5 exd5 5. cxd5 d6 6. Nc3 g6 7. h3 Bg7 8. e4 O-O 9. Bd3 a6 10. a4 Qc7 11. O-O Nbd7 12. Be3 c4 13. Be2 Nc5 14. Nd2 Re8 15. f3 Rb8 16. Nxc4 b5 17. axb5 axb5 18. Na5 Bd7 19. b4 Nh5 20. Rc1 Nb7 21. Nxb5 Qd8 22. Nc6 Qh4 23. Bf2 Qf4 24. Qe1 Rbc8 25. g3 Qh6 26. g4 Nf4 27. h4 Bxc6 28. Rxc6 Nh3+ 29. Kg2 Nxf2 30. Qxf2 Be5 31. Rfc1 Rcd8 32. g5 Qg7 33. f4 Bb2 34. R1c2 Ra8 35. Bf3 Ra2 36. Rc7 Rb8 37. Rxb7 Rxb7 38. Rc8+ Qf8 39. Rxf8+ Kxf8 40. Nxd6 Rxb4 41. e5 Rba4 42. Qc5 Bd4+ 43. Kg3 Bxc5 44. Ne4 Bd4 45. Nf6 R4a3 46. Nxh7+ Ke7 47. Nf6 Ra1 48. d6+ Kd8 49. Ne4 Rg1+ 50. Kh2 Rxf3 51. e6 fxe6 52. h5 gxh5 53. Nf6 Re1 54. Kg2 Rxf4 55. Nxh5 Rg4+ 56. Kf3 Rxg5 57. Nf4 Rge5 58. Nd3 Kd7 59. Nxe5+ Rxe5 60. Kf4 Kxd6 61. Kg4 Kd5 0-1


[Site "https://www.chess.com"]

[Event "Titled Tuesday Blitz April 12 Late 2022"]
[White "Demchenko, Anton"]
[Black "Nazaretyan, Tigran"]
[WhiteFideId "4160258"]
[BlackFideId "24162345"]
[WhiteElo "2539"]
[BlackElo "2225"]
[Result "1-0"]
[Round "11"]
[TimeControl "180+1"]
[Date "2022.04.12"]
[WhiteClock "0:01:03"]
[BlackClock "0:00:11"]

1. e4 e5 2. Nf3 Nc6 3. Bc4 Bc5 4. d3 Nf6 5. Bg5 h6 6. Bh4 g5 7. Bg3 d6 8. c3 a6 9. Nbd2 Ba7 10. O-O Ne7 11. d4 Nh5 12. Nxe5 Nxg3 13. Nxf7 Nxf1 14. Nxh8 d5 15. Bxf1 Be6 16. Nf3 Bg4 17. h3 Bh5 18. g4 dxe4 19. Ne5 Bg6 20. Qb3 e3 21. Nhxg6 exf2+ 22. Kxf2 Qd5 23. Qxd5 Nxd5 24. Bc4 Nf6 25. Re1 O-O-O 26. Ne7+ Kb8 27. N5c6+ bxc6 28. Nxc6+ Kc8 29. Bxa6+ Kd7 30. Nxa7 Rf8 31. Kg3 h5 32. Bb5+ Kd6 33. Bc4 h4+ 34. Kg2 Nd5 35. Nb5+ Kc6 36. Re6+ Kd7 37. Bxd5 c6 38. Rd6+ Ke7 39. Rxc6 Rb8 40. a4 Rd8 41. c4 Ra8 42. Rc7+ Kf6 43. Bxa8 1-0


[Site "https://www.chess.com"]

[Event "Titled Tuesday Blitz April 12 Late 2022"]
[White "Djokic, Mihailo"]
[Black "Shuvalova, Polina"]
[WhiteFideId "976440"]
[BlackFideId "24171760"]
[WhiteElo "2202"]
[BlackElo "2355"]
[Result "1-0"]
[Round "11"]
[TimeControl "180+1"]
[Date "2022.04.12"]
[WhiteClock "0:00:39"]
[BlackClock "0:00:22"]

1. e4 c5 2. Nf3 d6 3. d3 Nc6 4. g3 g6 5. Bg2 Bg7 6. O-O e6 7. Re1 Nge7 8. c3 e5 9. Nbd2 Be6 10. Nf1 h6 11. Be3 b6 12. d4 exd4 13. cxd4 Bg4 14. d5 Nd4 15. Rb1 O-O 16. N1d2 Qd7 17. Nb3 Nxf3+ 18. Bxf3 Bxf3 19. Qxf3 f5 20. Nd2 Rf7 21. exf5 Rxf5 22. Qg2 Nxd5 23. Nc4 Raf8 24. Rbd1 Nxe3 25. fxe3 d5 26. Rd2 Qe6 27. Na3 Kh7 28. Nb5 h5 29. Nc7 Qf7 30. Nxd5 Rd8 31. e4 Re5 32. Rf1 Qe6 33. Nf4 Qe8 34. Rxd8 Qxd8 35. Nd5 Qe8 36. Qf3 Rxe4 37. Qf7 Qxf7 38. Rxf7 Kg8 39. Rxa7 Bxb2 40. Rb7 c4 41. Kf1 Re5 42. Nf6+ Kf8 43. Nd7+ Ke8 44. Nxe5 Bxe5 45. Rxb6 Kd7 46. Rxg6 c3 47. Ke2 1-0


[Site "https://www.chess.com"]